MLB
SEATTLE MARINERS @ DETROIT TIGERS
05/13/2018
 
TOP OF THE 1ST
Seattle Mariners batting - Pitching for Detroit Tigers : RHP Jacob deGrom
Pitching: RHP Jacob deGrom
Batting: LHB Ben Revere 0-0: Ball
1-0: Called Strike
1-1: Swinging Strike
1-2: Ball
2-2: Ground out 4-3 (Groundball, 4)
Batting: RHB Matt Kemp 0-0: Called Strike
0-1: Ball
1-1: Ball
2-1: Ball
3-1: Ground out 6-3 (Groundball, 6)
Batting: RHB Manny Machado 0-0: Called Strike
0-1: Ball
1-1: DOUBLE (Flyball, 8LXD)
Batting: RHB Kris Bryant 0-0: Foul Ball, location: 2F
0-1: Ball
1-1: Ball
2-1: Called Strike
2-2: Foul Ball, location: 2F
2-2: Ball
3-2: Fly out, F9 (Flyball, 89M)
Top of the 1st over - 0 runs, 1 hit, 0 errors, 1 left on base; Seattle 0 - Detroit 0
BOTTOM OF THE 1ST
Detroit Tigers batting - Pitching for Seattle Mariners : RHP Rob Whalen
Pitching: RHP Rob Whalen
Batting: RHB Jean Segura 0-0: Ground out U3 (Groundball, 3L)
Batting: RHB Starling Marte 0-0: Ball
1-0: Ball
2-0: Ball
3-0: Called Strike
3-1: Swinging Strike
3-2: Foul Ball, location: 2F
3-2: Base on Balls
Batting: RHB George Springer 0-0: Ball
Wild Pitch!
Starling Marte to second
1-0: Ball
2-0: Foul Ball, location: 2F
2-1: Ball
3-1: Base on Balls
Batting: RHB Khris Davis 0-0: Ball
1-0: Ball
2-0: Fly out, F7 (Flyball, 7D)
Runner from 2nd tags up, SAFE at 3rd, no throw
Batting: RHB Jake Marisnick 0-0: Called Strike
0-1: Foul Ball, location: 2F
0-2: Strikes out swinging
Bottom of the 1st over - 0 runs, 0 hits, 0 errors, 2 left on base; Seattle 0 - Detroit 0
TOP OF THE 2ND
Seattle Mariners batting - Pitching for Detroit Tigers : RHP Jacob deGrom
Batting: LHB Brandon Nimmo 0-0: Called Strike
0-1: Ground out 6-3 (Groundball, 6)
Batting: RHB Yadier Molina 0-0: Called Strike
0-1: Ground out 6-3 (Groundball, 6)
Batting: LHB Preston Tucker 0-0: Called Strike
0-1: Swinging Strike
0-2: Ball
1-2: Strikes out swinging
Top of the 2nd over - 0 runs, 0 hits, 0 errors, 0 left on base; Seattle 0 - Detroit 0
BOTTOM OF THE 2ND
Detroit Tigers batting - Pitching for Seattle Mariners : RHP Rob Whalen
Batting: RHB Elias Diaz 0-0: Ball
1-0: Called Strike
1-1: Ball
2-1: Foul Ball, location: 2F
2-2: Ball
3-2: Foul Ball, location: 2F
3-2: Base on Balls
Batting: LHB Pedro Alvarez 0-0: Ball
1-0: Fly out, F9 (Flyball, 9D)
Batting: LHB Greg Garcia 0-0: Ball
1-0: Ball
2-0: Ball
3-0: Called Strike
3-1: Base on Balls
Elias Diaz to second
Batting: RHB J.D. Davis 0-0: Ball
1-0: Foul Ball, location: 2F
1-1: Swinging Strike
1-2: Strikes out looking
Batting: RHB Jean Segura 0-0: Called Strike
0-1: SINGLE (Groundball, 34D)
Elias Diaz to third
Greg Garcia to second
Runner from 3rd tries for Home, SAFE, throw made home
Batting: RHB Starling Marte 0-0: Called Strike
0-1: Foul Ball, location: 2F
0-2: Strikes out swinging
Bottom of the 2nd over - 1 run, 1 hit, 0 errors, 2 left on base; Seattle 0 - Detroit 1
TOP OF THE 3RD
Seattle Mariners batting - Pitching for Detroit Tigers : RHP Jacob deGrom
Batting: RHB Christian Villanueva 0-0: SINGLE (Line Drive, 4D)
Batting: RHB Juremi Profar 0-0: Called Strike
0-1: Ground out 4-3 (Groundball, 4)
Christian Villanueva to second
Batting: LHB Ben Revere 0-0: Called Strike
0-1: Foul Ball, location: 2F
0-2: Strikes out swinging
Batting: RHB Matt Kemp 0-0: Ball
1-0: Ball
2-0: Ball
3-0: Swinging Strike
3-1: Swinging Strike
3-2: Strikes out swinging
Top of the 3rd over - 0 runs, 1 hit, 0 errors, 1 left on base; Seattle 0 - Detroit 1
BOTTOM OF THE 3RD
Detroit Tigers batting - Pitching for Seattle Mariners : RHP Rob Whalen
Batting: RHB George Springer 0-0: Called Strike
0-1: Called Strike
0-2: Foul Ball, location: 2F
0-2: Ball
1-2: Ball
2-2: Fly out, F7 (Flyball, 7LS)
Batting: RHB Khris Davis 0-0: Ball
1-0: Ball
2-0: Fly out, F7 (Flyball, 78S)
Batting: RHB Jake Marisnick 0-0: Ball
1-0: Called Strike
1-1: Ball
2-1: Ball
3-1: Fly out, F7 (Flyball, 7D)
Bottom of the 3rd over - 0 runs, 0 hits, 0 errors, 0 left on base; Seattle 0 - Detroit 1
TOP OF THE 4TH
Seattle Mariners batting - Pitching for Detroit Tigers : RHP Jacob deGrom
Batting: RHB Manny Machado 0-0: Foul Ball, location: 2F
0-1: Foul Ball, location: 2F
0-2: Fly out, F8 (Flyball, 89S)
Batting: RHB Kris Bryant 0-0: Ball
1-0: Ball
2-0: Called Strike
2-1: Ball
3-1: Base on Balls
Batting: LHB Brandon Nimmo 0-0: Ball
1-0: Foul Ball, location: 2F
1-1: Foul Ball, location: 2F
1-2: Ball
2-2: Fly out, F5 (Popup, 5SF)
Batting: RHB Yadier Molina 0-0: Ball
1-0: SINGLE (Groundball, 4MD)
Kris Bryant to second
Runner from 2nd tries for 3rd, SAFE, throw made to third
Batting: LHB Preston Tucker 0-0: 3-RUN HOME RUN (Flyball, 89XD), Distance : 382 ft
Batting: RHB Christian Villanueva 0-0: Foul Ball, location: 2F
0-1: Called Strike
0-2: Foul Ball, location: 2F
0-2: Ball
1-2: Ball
2-2: Strikes out swinging
Top of the 4th over - 3 runs, 2 hits, 0 errors, 0 left on base; Seattle 3 - Detroit 1
BOTTOM OF THE 4TH
Detroit Tigers batting - Pitching for Seattle Mariners : RHP Rob Whalen
Batting: RHB Elias Diaz 0-0: Ball
1-0: Ball
2-0: Called Strike
2-1: DOUBLE (Flyball, 78D)
Batting: LHB Pedro Alvarez 0-0: Ball
1-0: Ball
2-0: Ball
3-0: Base on Balls
Batting: LHB Greg Garcia 0-0: Ball
1-0: Ball
2-0: Called Strike
2-1: Swinging Strike
2-2: Ball
3-2: Base on Balls
Elias Diaz to third
Pedro Alvarez to second
Batting: RHB J.D. Davis 0-0: Swinging Strike
0-1: Grounds into fielders choice 6-2 (Groundball, 6S)
Pedro Alvarez to third
Greg Garcia to second
Batting: RHB Jean Segura 0-0: Fly out, F9 (Line Drive, 9D)
Runner from 3rd tags up, SCORES, throw made
Batting: RHB Starling Marte 0-0: Ball
1-0: SINGLE (Flyball, 8RS)
Greg Garcia to third
J.D. Davis to second
Runner from 3rd tries for Home, SAFE, no throw
Batting: RHB George Springer 0-0: Fielders Choice at 2nd, 6-4 (Groundball, 56)
Bottom of the 4th over - 2 runs, 2 hits, 0 errors, 2 left on base; Seattle 3 - Detroit 3
TOP OF THE 5TH
Seattle Mariners batting - Pitching for Detroit Tigers : RHP Jacob deGrom
Batting: RHB Juremi Profar 0-0: Fly out, F4 (Line Drive, 4)
Batting: LHB Ben Revere 0-0: Foul Ball, location: 2F
0-1: Swinging Strike
0-2: Ground out 4-3 (Groundball, 4)
Batting: RHB Matt Kemp 0-0: Called Strike
0-1: Foul Ball, location: 2F
0-2: Strikes out looking
Top of the 5th over - 0 runs, 0 hits, 0 errors, 0 left on base; Seattle 3 - Detroit 3
BOTTOM OF THE 5TH
Detroit Tigers batting - Pitching for Seattle Mariners : RHP Rob Whalen
Batting: RHB Khris Davis 0-0: Called Strike
0-1: Called Strike
0-2: Foul Ball, location: 2F
0-2: Ball
1-2: Ground out 4-3 (Groundball, 6M)
Batting: RHB Jake Marisnick 0-0: Ball
1-0: Foul Ball, location: 2F
1-1: Foul Ball, location: 2F
1-2: Strikes out swinging
Batting: RHB Elias Diaz 0-0: Called Strike
0-1: Ground out 4-3 (Groundball, 4)
Bottom of the 5th over - 0 runs, 0 hits, 0 errors, 0 left on base; Seattle 3 - Detroit 3
TOP OF THE 6TH
Seattle Mariners batting - Pitching for Detroit Tigers : RHP Jacob deGrom
Batting: RHB Manny Machado 0-0: Ground out 6-3 (Groundball, 6)
Batting: RHB Kris Bryant 0-0: Fly out, F9 (Flyball, 9S)
Batting: LHB Brandon Nimmo 0-0: Foul Ball, location: 2F
0-1: Ball
1-1: Ball
2-1: Ball
3-1: Called Strike
3-2: Foul Ball, location: 2F
3-2: Foul Ball, location: 2F
3-2: Ground out 6-3 (Groundball, 6S)
Top of the 6th over - 0 runs, 0 hits, 0 errors, 0 left on base; Seattle 3 - Detroit 3
BOTTOM OF THE 6TH
Detroit Tigers batting - Pitching for Seattle Mariners : RHP Rob Whalen
Pitching: RHP Jose Leclerc
Batting: LHB Pedro Alvarez 0-0: Ball
1-0: Ball
2-0: Called Strike
2-1: Ball
3-1: Base on Balls
Batting: LHB Greg Garcia 0-0: Ball
1-0: Called Strike
1-1: Swinging Strike
1-2: Ball
2-2: Strikes out swinging
Batting: RHB J.D. Davis 0-0: Ball
1-0: Grounds into double play, 6-4-3 (Groundball, 6)
Bottom of the 6th over - 0 runs, 0 hits, 0 errors, 0 left on base; Seattle 3 - Detroit 3
TOP OF THE 7TH
Seattle Mariners batting - Pitching for Detroit Tigers : RHP Jacob deGrom
Pitching: RHP Pedro Baez
Batting: RHB Yadier Molina 0-0: Called Strike
0-1: Foul Ball, location: 2F
0-2: Strikes out swinging
Batting: LHB Preston Tucker 0-0: Ball
1-0: Ball
2-0: Called Strike
2-1: Ground out 4-3 (Groundball, 4S)
Batting: RHB Christian Villanueva 0-0: Foul Ball, location: 2F
0-1: Swinging Strike
0-2: Ball
1-2: Ball
2-2: SINGLE (Line Drive, 78S)
Batting: RHB Juremi Profar 0-0: Swinging Strike
0-1: Ball
1-1: Swinging Strike
1-2: Strikes out looking
Top of the 7th over - 0 runs, 1 hit, 0 errors, 1 left on base; Seattle 3 - Detroit 3
BOTTOM OF THE 7TH
Detroit Tigers batting - Pitching for Seattle Mariners : RHP Jose Leclerc
Batting: RHB Jean Segura 0-0: Called Strike
0-1: Ball
1-1: Swinging Strike
1-2: SINGLE (Groundball, 34D)
Batting: RHB Starling Marte 0-0: Called Strike
0-1: Ball
1-1: Called Strike
1-2: Strikes out looking
Batting: RHB George Springer 0-0: Ball
1-0: Foul Ball, location: 2F
1-1: Foul Ball, location: 2F
1-2: Foul Ball, location: 2F
1-2: Foul Ball, location: 2F
1-2: Ball
2-2: Strikes out swinging
Batting: RHB Khris Davis 0-0: Ball
1-0: Foul Ball, location: 2F
1-1: Swinging Strike
1-2: Ground out 1-3 (Groundball, 13)
Bottom of the 7th over - 0 runs, 1 hit, 0 errors, 1 left on base; Seattle 3 - Detroit 3
TOP OF THE 8TH
Seattle Mariners batting - Pitching for Detroit Tigers : RHP Pedro Baez
Pitching: RHP Hector Neris
Batting: LHB Ben Revere 0-0: Ball
1-0: Swinging Strike
1-1: Called Strike
1-2: Fly out, F7 (Line Drive, 7S)
Batting: RHB Matt Kemp 0-0: Fly out, F8 (Flyball, 8RD)
Batting: RHB Manny Machado 0-0: Called Strike
0-1: Foul Ball, location: 2F
0-2: Ball
1-2: Strikes out swinging
Top of the 8th over - 0 runs, 0 hits, 0 errors, 0 left on base; Seattle 3 - Detroit 3
BOTTOM OF THE 8TH
Detroit Tigers batting - Pitching for Seattle Mariners : RHP Jose Leclerc
Pitching: RHP Jim Johnson
Pinch Hitting: LHB Kolten Wong 0-0: Ball
1-0: Ball
2-0: Ball
3-0: Called Strike
3-1: Foul Ball, location: 2F
3-2: Ground out U3 (Groundball, 3)
Batting: RHB Elias Diaz 0-0: Ball
1-0: Ball
2-0: Called Strike
2-1: Foul Ball, location: 2F
2-2: Strikes out swinging
Batting: LHB Pedro Alvarez 0-0: Called Strike
0-1: Swinging Strike
0-2: SINGLE (Line Drive, 9S)
Batting: LHB Greg Garcia 0-0: Hit by Pitch
Pedro Alvarez to second
Batting: RHB J.D. Davis 0-0: Ball
1-0: Called Strike
1-1: Foul Ball, location: 2F
1-2: Foul Ball, location: 2F
1-2: Ball
2-2: Foul Ball, location: 2F
2-2: Strikes out swinging
Bottom of the 8th over - 0 runs, 1 hit, 0 errors, 2 left on base; Seattle 3 - Detroit 3
TOP OF THE 9TH
Seattle Mariners batting - Pitching for Detroit Tigers : RHP Hector Neris
Pitching: LHP Oliver Perez
Now in LF: Kolten Wong
Batting: RHB Kris Bryant 0-0: Ball
1-0: Foul Ball, location: 2F
1-1: Foul Ball, location: 2F
1-2: Strikes out swinging
Batting: LHB Brandon Nimmo 0-0: Swinging Strike
0-1: Fly out, F8 (Flyball, 8LM)
Batting: RHB Yadier Molina 0-0: Ball
1-0: Ball
2-0: Called Strike
2-1: Ground out 6-3 (Groundball, 6)
Top of the 9th over - 0 runs, 0 hits, 0 errors, 0 left on base; Seattle 3 - Detroit 3
BOTTOM OF THE 9TH
Detroit Tigers batting - Pitching for Seattle Mariners : RHP Jim Johnson
Pitching: RHP Edubray Ramos
Batting: RHB Jean Segura 0-0: Ball
1-0: Swinging Strike
1-1: Foul Ball, location: 2F
1-2: Foul Ball, location: 2F
1-2: Strikes out swinging
Batting: RHB Starling Marte 0-0: Foul Ball, location: 2F
0-1: Ball
1-1: Swinging Strike
1-2: Strikes out swinging
Batting: RHB George Springer 0-0: Foul Ball, location: 2F
0-1: Called Strike
0-2: Strikes out looking
Bottom of the 9th over - 0 runs, 0 hits, 0 errors, 0 left on base; Seattle 3 - Detroit 3
TOP OF THE 10TH
Seattle Mariners batting - Pitching for Detroit Tigers : LHP Oliver Perez
Pinch Hitting: RHB Cameron Maybin 0-0: Ball
1-0: Called Strike
1-1: Swinging Strike
1-2: Strikes out swinging
Batting: RHB Christian Villanueva 0-0: Ball
1-0: SOLO HOME RUN (Flyball, 89XD), Distance : 428 ft
Batting: RHB Juremi Profar 0-0: Foul Ball, location: 2F
0-1: Ball
1-1: Ball
2-1: Fly out, F9 (Flyball, 9S)
Batting: LHB Ben Revere 0-0: Called Strike
0-1: Foul Ball, location: 2F
0-2: Ball
1-2: Ball
2-2: Ball
3-2: SINGLE (Groundball, 6M)
Batting: RHB Matt Kemp 0-0: Foul Ball, location: 2F
0-1: Ball
1-1: Ball
2-1: Fly out, F8 (Flyball, 8LS)
Top of the 10th over - 1 run, 2 hits, 0 errors, 1 left on base; Seattle 4 - Detroit 3
BOTTOM OF THE 10TH
Detroit Tigers batting - Pitching for Seattle Mariners : RHP Edubray Ramos
Now in RF: Cameron Maybin
Batting: RHB Khris Davis 0-0: Ball
1-0: Swinging Strike
1-1: Ball
2-1: Foul Ball, location: 2F
2-2: Foul Ball, location: 2F
2-2: Ball
3-2: Strikes out swinging
Batting: LHB Kolten Wong 0-0: Called Strike
0-1: Called Strike
0-2: Ball
1-2: Foul Ball, location: 2F
1-2: Ball
2-2: SINGLE (Line Drive, 78S)
Pitching: RHP Heath Hembree
Batting: RHB Elias Diaz 0-0: Ball
1-0: SINGLE (Line Drive, 7S)
Kolten Wong to second
Runner from 2nd tries for 3rd, OUT!
Batting: LHB Pedro Alvarez 0-0: Ball
1-0: Ball
2-0: Called Strike
2-1: Ground out 6-3 (Groundball, 4D)
Bottom of the 10th over - 0 runs, 2 hits, 0 errors, 1 left on base; Seattle 4 - Detroit 3
Tuesday, July 10th, 2018 - OOTP Baseball 19.7 Build 59